 Dungeon Crawl Stone Soup version 0.29-a0-819-g94b489e0ae (webtiles) character file.

Game seed: 1053920365768828173

193 scionoferis the Changer (level 5, 0/49 HPs)
             Began as an Octopode Transmuter on July 7, 2022.
             Slain by an orc
             ... wielding a +0 flail
              (4 damage)
             ... on level 3 of the Dungeon.
             The game lasted 00:14:09 (4355 turns).

scionoferis the Changer (Octopode Transmuter)       Turns: 4355, Time: 00:14:11

Health: 0/49       AC: 22    Str: 10    XL:     5   Next: 72%
Magic:  2/9        EV:  2    Int: 23    God:
Gold:   189        SH:  0    Dex: 12    Spells: 3/10 levels left

rFire   . . .      SeeInvis .   f - +0 dagger
rCold   + . .      Faith    .   (no shield)
rNeg    . . .      Spirit   .   (helmet currently unavailable)
rPois   +          Reflect  .   (no amulet)
rElec   .          Harm     .   g - +6 ring of intelligence
rCorr   .          Rampage  .   t - ring of protection from cold
Will    .....      NoTele   +   (no ring)
Stlth   +.........              (no ring)
HPRegen 0.16/turn               (no ring)
MPRegen 0.11/turn               (no ring)
                                (no ring)
                                (no ring)

@: tree-form, very slightly contaminated
A: stationary, stasis, torment immunity, boosted hp, almost no armour,
(amphibious), 8 rings, (camouflage 1), (gelatinous body 1), (nimble swimmer 1),
(tentacles)
a: no special abilities


You were on level 3 of the Dungeon.
You were a tree.
You visited 1 branch of the dungeon, and saw 4 of its levels.

You collected 189 gold pieces.

Inventory:

Hand Weapons
 f - a +0 dagger (weapon)
 r - a +2 spectral quarterstaff
 u - a +0 rapier
Missiles
 q - 8 poisoned darts (quivered)
Armour
 p - a +0 kite shield
Jewellery
 g - a +6 ring of intelligence (left branch)
 t - a ring of protection from cold (right branch)
Wands
 v - a wand of digging (2)
Scrolls
 b - a scroll of silence {unknown}
 c - a scroll of teleportation {unknown}
 h - a scroll of noise {unknown}
 k - a scroll of enchant armour {unknown}
 l - a scroll of blinking {unknown}
 m - a scroll of enchant weapon {unknown}
 n - 2 scrolls of identify {unknown}
 o - a scroll of magic mapping {unknown}
 s - a scroll of fog {unknown}
Potions
 a - 2 potions of lignification
 d - a potion of might {unknown}
 e - a potion of heal wounds {unknown}
 i - a potion of curing {unknown}
 j - a potion of berserk rage {unknown}
 w - a potion of attraction {unknown}


   Skills:
 - Level 1.0 Fighting
 - Level 2.0 Dodging
 - Level 3.0 Unarmed Combat
 + Level 3.1 Spellcasting
 * Level 4.3 Transmutations
 * Level 2.2 Ice Magic


You had 3 spell levels left.
You knew the following spells:

 Your Spells              Type           Power      Damage    Failure   Level
a - Beastly Appendage     Tmut           46%        N/A       1%          1
b - Wereblood             Tmut           23%        N/A       2%          2
c - Ice Form              Ice/Tmut       18%        N/A       30%         4

Your spell library contained the following spells:

 Spells                   Type           Power      Damage    Failure   Level
 Freeze                   Ice            52%        1d7       4%          1
 Frozen Ramparts          Ice            26%        1d4       14%         3
 Spider Form              Tmut/Pois      13%        N/A       14%         3
 Hailstorm                Conj/Ice       8%         3d4       58%         4


Dungeon Overview and Level Annotations

Branches:
Dungeon (4/15)
 Temple: D:4-7

Altars:

Shops:
D:3 (


Innate Abilities, Weirdness & Mutations

You are a tree.
Your roots penetrate the ground, keeping you stationary.
You cannot be teleported.
You are immune to unholy pain and torment.
Your maximum health is greatly increased.
You cannot wear most types of armour.
((You are amphibious.))
You can wear up to eight rings at the same time.
((Your skin changes colour to match your surroundings (Stealth+).))
((Your rubbery body absorbs attacks. (AC +1, EV +1)))
((You are camouflaged when in or above water. (Stealth+)))
((You have tentacles for arms and can constrict up to eight enemies at once.))


Message History

The spell is extremely dangerous to miscast (30% risk of failure)!
Continue anyway?
You miscast Ice Form.
Nothing appears to happen.
The orc hits you with a +0 whip. The orc closely misses you.
The orc hits you with a +0 flail!
Unknown command.
Really quaff the potion of lignification?
You turn into a tree.
Your roots penetrate the ground.
The orc hits you but does no damage. x3
You hit the orc.
The orc is moderately wounded.
The orc hits you but does no damage. x3
You hit the orc but do no damage.
The orc is moderately wounded.
The orc hits you but does no damage. x3
You hit the orc but do no damage.
The orc is moderately wounded.
The orc hits you but does no damage. x2; The orc hits you with a +0 flail.
You hit the orc but do no damage. You punch the orc.
The orc is almost dead.
The orc hits you but does no damage. The orc hits you with a +0 flail.
* * * LOW HITPOINT WARNING * * *
The orc hits you but does no damage.
You hit the orc.
You kill the orc!
The orc hits you but does no damage. x2
You hit the orc but do no damage. The orc hits you but does no damage.
The orc hits you with a +0 flail.
* * * LOW HITPOINT WARNING * * *
You completely miss the orc. The orc hits you but does no damage.
The orc hits you with a +0 flail.
* * * LOW HITPOINT WARNING * * *
You hit the orc but do no damage. The orc hits you but does no damage. x2
You closely miss the orc. The orc hits you but does no damage. x2
You hit the orc but do no damage. The orc hits you with a +0 whip.
* * * LOW HITPOINT WARNING * * *
The orc hits you but does no damage.
You hit the orc.
The orc is moderately wounded.
The orc barely misses you. The orc hits you with a +0 flail.
You die...

#######........###.##
##..##.....#..#
#.....###.##.#
#....).##....##
#####..###.#####..##
#.........<.........
#.........#####.....
#.........# #.....
#.)♣......# #.....
#..oo.....# #.....
#.........# ####..
########### #..
####.# #..... #....#
#.#### ###


You could see 2 orcs.

Vanquished Creatures
  Natasha (thrice) (D:3)
  An orc wizard (D:4)
  3 adders
  A worm (D:2)
  2 dart slugs (D:1)
  5 orcs
  6 bats
  2 endoplasms
  2 giant cockroaches
  11 goblins
  3 hobgoblins
  6 kobolds
  3 ball pythons
  4 frilled lizards
  2 rats (D:1)
54 creatures vanquished.

Notes
Turn   | Place    | Note
-------+----------+-------------------------------------------
     0 | D:1      | scionoferis the Octopode Transmuter began the quest for the
                  | Orb.
     0 | D:1      | Reached XP level 1. HP: 13/13 MP: 3/3
   145 | D:1      | Reached XP level 2. HP: 17/18 MP: 1/5
   161 | D:1      | Learned a level 2 spell: Wereblood
   520 | D:1      | Reached skill level 3 in Transmutations
   830 | D:1      | Reached XP level 3. HP: 22/23 MP: 4/6
  1706 | D:2      | Reached XP level 4. HP: 24/28 MP: 6/8
  1711 | D:2      | Learned a level 4 spell: Ice Form
  2817 | D:3      | Noticed Natasha
  3143 | D:3      | Found Dineckou's Weapon Boutique.
  3247 | D:3      | Killed Natasha
  3248 | D:3      | Reached skill level 1 in Ice Magic
  3542 | D:3      | Noticed Natasha
  3724 | D:3      | Killed Natasha
  3725 | D:3      | Reached skill level 4 in Transmutations
  3725 | D:3      | Reached XP level 5. HP: 33/33 MP: 5/9
  3886 | D:3      | Noticed Natasha
  3933 | D:3      | Killed Natasha
  4109 | D:4      | Noticed an ogre
  4355 | D:3      | Slain by an orc

Illustrated notes

Levels and vault maps discovered:
D:1:      lightli_arrival_maybe_door_vault, layout_basic
D:2:      layout_loops_corners, shapermc_ecumenical_altar_petra
D:3:      layout_rooms, serial_shops, nicolae_diamond_shop,
          palyth_stone_intersect, uniq_natasha
D:4:      layout_rooms, nicolae_tso_carved_into_rock,
          minmay_temple_entry_slanted, gammafunk_ghost_mausoleum

Skill      XL: |  1  2  3  4  5 |
---------------+----------------+-----
Transmutations | 3 4 |  4.3
Ice Magic      | 1 2 |  2.2
Spellcasting   | 3 |  3.1
Fighting       | |  1.0
Dodging        | |  2.0
Unarmed Combat | |  3.0

Action                   |  1- 3 |  4- 6 || total
-------------------------+-------+-------++-------
Melee: Unarmed           |     6 |    19 ||    25
       Constrict         |    18 |     8 ||    26
       Dagger            |    59 |    36 ||    95
       Tentacles         |     8 |     3 ||    11
       Club              |     2 |       ||     2
       Kick              |    10 |     4 ||    14
       Punch             |     3 |     3 ||     6
Throw: Dart              |     1 |    11 ||    12
 Cast: Beastly Appendage |    15 |    10 ||    25
       Ice Form          |       |     7 ||     7
  Use: Potion            |       |     1 ||     1
 Stab: Sleeping          |    10 |     4 ||    14
Armor: Skin              |     4 |    25 ||    29
Dodge: Dodged            |    34 |    21 ||    55

Table legend: (Time is in decaauts)
 A = Elapsed time spent in this place.
 B = Non-inter-level travel time spent in this place.
 C = Inter-level travel time spent in this place.
 D = Time resting spent in this place.
 E = Time spent auto-exploring this place.
 F = Levels seen in this place.
 G = Mean time per level.
                   A        B        C        D        E       F      G
               +--------+--------+--------+--------+--------+-----+--------+
         Total |   4381 |   3905 |    476 |    856 |   1779 |   4 | 1095.2 |
       Dungeon |   4381 |   3905 |    476 |    856 |   1779 |   4 | 1095.2 |
               +--------+--------+--------+--------+--------+-----+--------+

Top non-repeatable levels by time:
     D:2: 1908 daAuts
     D:3: 1477 daAuts
     D:1: 889 daAuts
     D:4: 106 daAuts
